[Event "Titled Tuesday Blitz May 30 Early 2023"]
[White "Garv Gaur"]
[Black "Herrera Reyes, Jose Antonio"]
[WhiteFideId "45030839"]
[BlackFideId "2274914"]
[WhiteElo "2068"]
[BlackElo "2272"]
[Result "0-1"]
[Round "07"]
[TimeControl "180+2"]
[Date "2023.05.30"]
[WhiteClock "0:00:01"]
[BlackClock "0:00:48"]

1. Nf3 Nf6 2. g3 g6 3. Bg2 Bg7 4. O-O d6 5. d4 h5 6. c4 Nc6 7. Nc3 h4 8. Nxh4 Bg4 9. Nf3 Bh3 10. d5 Ne5 11. Nxe5 dxe5 12. Re1 Bxg2 13. Kxg2 Qc8 14. h4 Rxh4 15. Rh1 Rxh1 16. Qxh1 Qg4 17. Qh4 Qxh4 18. gxh4 O-O-O 19. Bg5 Rh8 20. Rh1 Kd7 21. Rh3 Nh5 22. Bd2 f5 23. e3 e4 24. b3 a6 25. Ne2 e6 26. dxe6+ Kxe6 27. Bc3 Bxc3 28. Nxc3 c6 29. Rh1 Nf6 30. Ne2 Rd8 31. Nd4+ Ke5 32. b4 f4 33. Kf1 f3 34. Rg1 Rg8 35. Rg5+ Kd6 36. Nf5+ Ke6 37. Nd4+ Kf7 38. b5 axb5 39. cxb5 Ra8 40. bxc6 bxc6 41. Nxc6 Rxa2 42. Kg1 Ra1+ 43. Kh2 Rf1 44. Ne5+ Ke6 45. Nxg6 Rxf2+ 46. Kg1 Ra2 47. Nf4+ Kf7 48. Rb5 Ng4 49. Rb7+ Ke8 50. Rb1 Rh2 51. Nd5 f2+ 52. Kf1 Rh1+ 53. Kg2 Rxb1 54. Nf6+ Nxf6 55. Kxf2 Nh5 56. Kg2 Kf7 57. Kh3 Rg1 0-1


[Site "https://www.chess.com"]

[Event "Titled Tuesday Blitz May 30 Early 2023"]
[White "Sieciechowicz, Marcin"]
[Black "Bodnaruk, Anastasia"]
[WhiteFideId "1130170"]
[BlackFideId "4181751"]
[WhiteElo "2302"]
[BlackElo "2304"]
[Result "1/2-1/2"]
[Round "07"]
[TimeControl "180+2"]
[Date "2023.05.30"]
[WhiteClock "0:00:12"]
[BlackClock "0:00:05"]

1. d4 Nf6 2. c4 g6 3. Nc3 Bg7 4. e4 d6 5. f3 O-O 6. Be3 c5 7. Nge2 Nc6 8. d5 Ne5 9. Ng3 e6 10. Be2 exd5 11. cxd5 h5 12. O-O a6 13. a4 Bd7 14. Qd2 b5 15. Bh6 c4 16. Bxg7 Kxg7 17. Kh1 h4 18. Nf5+ gxf5 19. Qg5+ Kh8 20. exf5 Nh7 21. Qe3 f6 22. f4 Nd3 23. Bxd3 cxd3 24. Qxd3 bxa4 25. Rfe1 Rf7 26. Re6 Bxe6 27. fxe6 Rg7 28. Rxa4 Qb6 29. Qd2 Rag8 30. Re4 f5 31. Re2 Nf6 32. Qd3 Ng4 33. Nd1 Qb5 34. Qf3 Rc7 35. h3 Rc1 36. hxg4 Rxd1+ 37. Kh2 fxg4 38. Qc3+ Rg7 39. Qc8+ Kh7 40. Qc2+ Qd3 41. Qxd3+ Rxd3 42. e7 Rg8 43. e8=Q Rxe8 44. Rxe8 Rd2 45. Kg1 Rxb2 46. Re6 a5 47. Rxd6 g3 48. Kf1 Rf2+ 49. Kg1 Rxf4 50. Ra6 a4 51. d6 Rd4 52. Kf1 Kg7 53. d7 Rxd7 54. Rxa4 Rf7+ 55. Kg1 Rc7 56. Kf1 Rc1+ 57. Ke2 Rc2+ 58. Ke3 Rxg2 59. Rxh4 Kf6 60. Kf3 Rg1 61. Rg4 Kf5 62. Rxg3 Rxg3+ 63. Kxg3 1/2-1/2


[Site "https://www.chess.com"]

[Event "Titled Tuesday Blitz May 30 Early 2023"]
[White "Seo, Jung Min"]
[Black "Marra, Eduardo da Costa"]
[WhiteFideId "1734687"]
[BlackFideId "2106990"]
[WhiteElo "2468"]
[BlackElo "2252"]
[Result "0-1"]
[Round "07"]
[TimeControl "180+2"]
[Date "2023.05.30"]
[WhiteClock "0:00:15"]
[BlackClock "0:00:29"]

1. d4 Nf6 2. Nf3 g6 3. g3 Bg7 4. Bg2 O-O 5. O-O d6 6. b3 c5 7. Bb2 Ne4 8. Nbd2 Nxd2 9. Qxd2 Nc6 10. c4 Qa5 11. Bc3 Qa3 12. Bb2 Qa5 13. Rfd1 Qxd2 14. Rxd2 cxd4 15. Nxd4 Bd7 16. Nb5 Bxb2 17. Rxb2 Rfc8 18. Rd1 a6 19. Nc3 Rab8 20. Nd5 Kf8 21. c5 Be6 22. cxd6 exd6 23. Rbd2 a5 24. Nb6 Rc7 25. Rxd6 Nb4 26. R6d2 Nxa2 27. Rxa2 Bxb3 28. Rda1 Bxa2 29. Rxa2 Rc1+ 30. Bf1 Rd8 31. Rxa5 Rdd1 32. Ra8+ Kg7 33. Ra7 Rxf1+ 34. Kg2 Rfe1 35. Rxb7 Rxe2 36. Nd5 Rcc2 0-1


[Site "https://www.chess.com"]

[Event "Titled Tuesday Blitz May 30 Early 2023"]
[White "Lymar, Vladislav"]
[Black "Karthik Rajaa"]
[WhiteFideId "14162180"]
[BlackFideId "25035215"]
[WhiteElo "2234"]
[BlackElo "2215"]
[Result "0-1"]
[Round "07"]
[TimeControl "180+2"]
[Date "2023.05.30"]
[WhiteClock "0:00:54"]
[BlackClock "0:02:25"]

1. b3 Nf6 2. Bb2 g6 3. g3 Bg7 4. Bg2 O-O 5. e3 d6 6. Ne2 a5 7. O-O a4 8. bxa4 Rxa4 9. Nbc3 Ra8 10. Nd5 Nxd5 11. Bxg7 Nxe3 12. Bd5 Nxd1 13. Bxf8 Qxf8 14. Raxd1 c6 15. Bg2 Rxa2 16. Nd4 e5 17. Nf3 Rxc2 18. d4 e4 19. Ne1 Re2 20. d5 cxd5 21. Rxd5 Be6 0-1


[Site "https://www.chess.com"]

[Event "Titled Tuesday Blitz May 30 Early 2023"]
[White "OPQRC"]
[Black "Matinian, Nikita"]
[BlackFideId "24129100"]
[WhiteElo "2547"]
[BlackElo "2422"]
[Result "1-0"]
[Round "07"]
[TimeControl "180+2"]
[Date "2023.05.30"]
[WhiteClock "0:00:23"]
[BlackClock "0:00:00"]

1. e4 g6 2. d4 d6 3. Nc3 Bg7 4. Bc4 Nf6 5. Qe2 Nc6 6. e5 Ng4 7. Nf3 dxe5 8. dxe5 Ngxe5 9. Nxe5 Nxe5 10. Bb3 O-O 11. Bd2 c6 12. O-O-O Qb6 13. h4 h5 14. f3 a5 15. Bf4 a4 16. Nxa4 Qa5 17. Rhe1 Nd7 18. Qxe7 b5 19. Nc5 Nxc5 20. Qxc5 Bf5 21. Re7 Bf6 22. Be5 Bxh4 23. g3 Bxe7 24. Qxe7 Qa7 25. Qf6 Qe3+ 26. Kb1 Qh6 27. Rh1 Rae8 28. g4 Rxe5 29. Qxe5 Bc8 30. gxh5 Qg7 31. Qe3 g5 32. Rg1 g4 33. fxg4 Kh8 34. g5 c5 35. Qxc5 Re8 36. a3 1-0


[Site "https://www.chess.com"]

[Event "Titled Tuesday Blitz May 30 Early 2023"]
[White "Sadovsky, Artem"]
[Black "Prohaszka, Peter"]
[WhiteFideId "4155840"]
[BlackFideId "726265"]
[WhiteElo "2314"]
[BlackElo "2626"]
[Result "0-1"]
[Round "07"]
[TimeControl "180+2"]
[Date "2023.05.30"]
[WhiteClock "0:00:00"]
[BlackClock "0:01:35"]

1. Nf3 d5 2. e3 Bg4 3. c4 Bxf3 4. Qxf3 e6 5. Nc3 Nf6 6. b3 c6 7. Bb2 Bd6 8. d4 Bb4 9. Bd3 Qa5 10. Rc1 Qxa2 11. Qe2 Qxb3 12. O-O Ba3 13. Bxa3 Qxa3 14. c5 Qa5 15. e4 dxe4 16. Nxe4 Nxe4 17. Qxe4 Nd7 18. Rb1 Qc7 19. Rfe1 Nf6 20. Qe5 Qxe5 21. dxe5 Nd7 0-1


[Site "https://www.chess.com"]

[Event "Titled Tuesday Blitz May 30 Early 2023"]
[White "egorchess95"]
[Black "Ozates, Tuna"]
[BlackFideId "6354521"]
[WhiteElo "2706"]
[BlackElo "2151"]
[Result "0-1"]
[Round "07"]
[TimeControl "180+2"]
[Date "2023.05.30"]
[WhiteClock "0:00:13"]
[BlackClock "0:00:12"]

1. e4 Nf6 2. e5 Nd5 3. c4 Nb6 4. c5 Nd5 5. Bc4 e6 6. d4 d6 7. cxd6 cxd6 8. Nf3 dxe5 9. dxe5 Bb4+ 10. Bd2 Bxd2+ 11. Nbxd2 Nc6 12. O-O O-O 13. Ne4 f6 14. exf6 Nxf6 15. Nc5 Qe7 16. Nb3 Kh8 17. Re1 e5 18. h3 Bf5 19. Bb5 Rad8 20. Qe2 Be4 21. Nbd2 Bxf3 22. Nxf3 e4 23. Bxc6 bxc6 24. Qc4 Qb7 25. Ng5 Qxb2 26. Nf7+ Rxf7 27. Qxf7 h6 28. Rad1 Rd5 29. Qxa7 Rg5 30. a4 Qe5 31. Rd8+ Kh7 32. Qb8 Qf5 33. Rh8+ Kg6 34. Rf8 Qxh3 35. Qe8+ Nxe8 36. g3 Nf6 37. a5 Rxa5 38. Rd8 Rh5 0-1


[Site "https://www.chess.com"]

[Event "Titled Tuesday Blitz May 30 Early 2023"]
[White "Trifan, Andrei Ioan"]
[Black "Martinez Ramirez, Lennis"]
[WhiteFideId "12967068"]
[BlackFideId "3509079"]
[WhiteElo "2208"]
[BlackElo "2410"]
[Result "1-0"]
[Round "07"]
[TimeControl "180+2"]
[Date "2023.05.30"]
[WhiteClock "0:00:26"]
[BlackClock "0:00:00"]

1. e4 c5 2. Nf3 Nc6 3. d4 cxd4 4. Nxd4 Nf6 5. Nc3 e5 6. Ndb5 d6 7. Bg5 a6 8. Na3 b5 9. Nd5 Be7 10. Bxf6 Bxf6 11. c4 b4 12. Nc2 O-O 13. g3 Bg5 14. Bg2 a5 15. O-O Be6 16. Qd3 g6 17. Rad1 Rb8 18. f4 Be7 19. f5 Bxd5 20. exd5 Nd4 21. Nxd4 exd4 22. Be4 Kg7 23. Rf3 Bf6 24. Rdf1 Be5 25. f6+ Kh8 26. Qd2 Rg8 27. Qh6 Qf8 28. Qh4 h5 29. Qg5 Kh7 30. Qxh5+ Qh6 31. Qg4 Rh8 32. Kg2 b3 33. a3 a4 34. Bd3 Rbe8 35. R1f2 Ref8 36. h4 Qc1 37. h5 Kg8 38. Bxg6 1-0


[Site "https://www.chess.com"]

[Event "Titled Tuesday Blitz May 30 Early 2023"]
[White "Fan_Of_Chucky"]
[Black "Shuvalova, Polina"]
[BlackFideId "24171760"]
[WhiteElo "2475"]
[BlackElo "2281"]
[Result "0-1"]
[Round "07"]
[TimeControl "180+2"]
[Date "2023.05.30"]
[WhiteClock "0:00:40"]
[BlackClock "0:01:34"]

1. d4 Nf6 2. c4 e6 3. Nf3 c5 4. d5 exd5 5. cxd5 d6 6. Nc3 g6 7. Bf4 Bg7 8. Qa4+ Bd7 9. Qb3 Qc7 10. e4 O-O 11. Be2 a6 12. e5 dxe5 13. Nxe5 Nh5 14. Bxh5 Bxe5 15. Bxe5 Qxe5+ 16. Be2 b5 17. O-O b4 18. Na4 Bxa4 19. Qxa4 Qxe2 20. Rfe1 Qg4 21. d6 Qd7 22. Qd1 Nc6 23. Qd5 Rad8 24. Rad1 Nd4 25. Qxc5 Qxd6 26. Qc4 Qf4 27. Kf1 Ne6 28. Qxa6 Qxh2 29. Rxd8 Rxd8 30. Rxe6 Qh1+ 31. Ke2 Qd1+ 32. Ke3 Qe1+ 33. Kf3 Qxe6 34. Qa8 Rxa8 35. g4 Rxa2 36. g5 Rxb2 0-1


[Site "https://www.chess.com"]

[Event "Titled Tuesday Blitz May 30 Early 2023"]
[White "Ehlvest, Jaan"]
[Black "FunnyDuck66"]
[WhiteFideId "4500016"]
[WhiteElo "2442"]
[BlackElo "2350"]
[Result "0-1"]
[Round "07"]
[TimeControl "180+2"]
[Date "2023.05.30"]
[WhiteClock "0:00:00"]
[BlackClock "0:00:08"]

1. e4 c6 2. d4 d5 3. exd5 cxd5 4. Bd3 Nc6 5. c3 Nf6 6. h3 g6 7. Nf3 Bf5 8. Bb5 Bd7 9. O-O e6 10. Bf4 Be7 11. Nbd2 O-O 12. Re1 a6 13. Bxc6 bxc6 14. b4 a5 15. a3 axb4 16. cxb4 Bc8 17. Ne5 Qb6 18. Bg5 Kg7 19. Nb3 h6 20. Bh4 g5 21. Bg3 Ne4 22. Bh2 f6 23. Nd3 Qb5 24. f3 Nc3 25. Qc2 Qc4 26. Rec1 Ba6 27. Qxc3 Qxd3 28. Qxd3 Bxd3 29. Rxc6 Bc4 30. Nc5 Bxc5 31. Rxc5 Ra4 32. Bc7 Rfa8 33. Ba5 Kg6 34. Kf2 h5 35. Rc6 Ra6 36. Rxa6 Bxa6 37. Ke3 Kf5 38. Bc7 h4 39. Kd2 Bc4 40. Kc3 Bb5 41. Kb3 Ra7 42. Bd6 Ba4+ 43. Kc3 Ra6 44. Bc5 Kf4 45. Re1 Bb5 46. Kb3 Kg3 47. Re3 Kxg2 48. Be7 Kf2 49. Rc3 Bc4+ 50. Kb2 e5 51. Bxf6 Rxf6 52. dxe5 Re6 0-1


[Site "https://www.chess.com"]

[Event "Titled Tuesday Blitz May 30 Early 2023"]
[White "Korchmar, Vasiliy"]
[Black "Nugumanov, Bakhtiyar"]
[WhiteFideId "24131750"]
[BlackFideId "13701797"]
[WhiteElo "2370"]
[BlackElo "2209"]
[Result "1/2-1/2"]
[Round "07"]
[TimeControl "180+2"]
[Date "2023.05.30"]
[WhiteClock "0:00:05"]
[BlackClock "0:00:16"]

1. e4 e6 2. d4 d5 3. e5 c5 4. c3 Nc6 5. Nf3 Bd7 6. Be2 Nge7 7. Na3 cxd4 8. cxd4 Nf5 9. Nc2 Qb6 10. O-O Rc8 11. Bd3 Nb4 12. Bxf5 exf5 13. Nxb4 Bxb4 14. Qb3 Be6 15. Bd2 Bxd2 16. Qxb6 axb6 17. Nxd2 Rc2 18. Nf3 Rxb2 19. Rfb1 Rxb1+ 20. Rxb1 Kd7 21. Rxb6 Kc7 22. Rb2 Ra8 23. g3 h6 24. h4 Ra3 25. Kg2 f4 26. gxf4 Bg4 27. Nd2 Rh3 28. f3 Bd7 29. Rc2+ Kd8 30. Rc5 Rxh4 31. Rxd5 Rxf4 32. Kg3 Rf5 33. Ne4 Ke7 34. Rc5 Bc6 35. d5 Bd7 36. d6+ Kd8 37. f4 g5 38. fxg5 hxg5 39. Rc7 Bc6 40. Nc5 Rxe5 41. Nxb7+ Bxb7 42. Rxb7 f5 43. a4 Rd5 44. Rg7 Rxd6 45. Rxg5 Ra6 46. Kf4 Rxa4+ 47. Kxf5 Ra5+ 48. Kf6 Rxg5 49. Kxg5 1/2-1/2


[Site "https://www.chess.com"]

[Event "Titled Tuesday Blitz May 30 Early 2023"]
[White "Melikyan, Gnel"]
[Black "Dilmukhametov, Artur"]
[WhiteFideId "54109990"]
[BlackFideId "24179922"]
[WhiteElo "2138"]
[BlackElo "2242"]
[Result "1-0"]
[Round "07"]
[TimeControl "180+2"]
[Date "2023.05.30"]
[WhiteClock "0:00:09"]
[BlackClock "0:00:00"]

1. d4 Nf6 2. Bg5 g6 3. Nd2 Bg7 4. e4 d6 5. c3 Nbd7 6. Bc4 O-O 7. Ne2 h6 8. Bh4 e5 9. dxe5 Nxe5 10. O-O Nxc4 11. Nxc4 g5 12. e5 gxh4 13. exf6 Qxf6 14. Ne3 h3 15. g3 Re8 16. Nf4 c6 17. Re1 Bf5 18. Qh5 Bg6 19. Qxh3 d5 20. Rad1 Rad8 21. Qg4 d4 22. cxd4 Rxd4 23. Rxd4 Qxd4 24. Rd1 Qxb2 25. Nxg6 fxg6 26. Qxg6 Rf8 27. Nf5 Qf6 28. Qxf6 Rxf6 29. Rd8+ Kh7 30. g4 h5 31. Rd7 Rg6 32. h3 hxg4 33. h4 b5 34. Rxa7 Kh8 35. Ra8+ Kh7 36. Rc8 b4 37. Rc7 Kh8 38. Nxg7 Rxg7 39. Rxc6 Ra7 40. Rc4 Rxa2 41. Rxb4 Kh7 42. Rxg4 Kh6 43. Kg2 Kh5 44. Kg3 Ra1 45. Rg5+ Kh6 46. Rb5 Rg1+ 47. Kh3 Rh1+ 48. Kg3 Rg1+ 49. Kf3 Rh1 50. h5 Rg1 51. Kf4 Rg8 52. Rf5 Rg1 53. f3 Rg8 54. Ke4 Rg1 55. Rd5 Re1+ 56. Kf4 Rg1 57. Ke5 Kxh5 58. Kf6+ Kh6 59. Rd2 Kh7 60. f4 Kg8 61. Rd8+ Kh7 62. f5 Ra1 63. Rd7+ Kg8 64. Rd8+ Kh7 65. Re8 Rb1 66. Kf7 Rb2 67. f6 Rb7+ 68. Re7 Rb6 69. Rc7 Rb8 70. Rd7 Kh8 71. Kg6 1-0


[Site "https://www.chess.com"]

[Event "Titled Tuesday Blitz May 30 Early 2023"]
[White "Bortnyk, Olexandr"]
[Black "Makaraci, Tunahan"]
[WhiteFideId "14120828"]
[BlackFideId "6356559"]
[WhiteElo "2734"]
[BlackElo "2160"]
[Result "1-0"]
[Round "07"]
[TimeControl "180+2"]
[Date "2023.05.30"]
[WhiteClock "0:02:10"]
[BlackClock "0:01:17"]

1. f3 b6 2. g4 Bb7 3. h4 e5 4. d3 d6 5. e4 Nd7 6. c4 Be7 7. h5 Bh4+ 8. Ke2 Bg5 9. Nc3 Bxc1 10. Qxc1 h6 11. Nh3 Ngf6 12. b4 a5 13. a3 Nf8 14. b5 Ne6 15. Kf2 Nd7 16. Kg3 Ndc5 17. Qe3 Ng5 18. f4 Nxh3 19. Bxh3 Ne6 20. f5 Nd4 21. Ra2 Qg5 22. Qxg5 hxg5 23. Ne2 Ke7 24. Bg2 Kf6 25. Rf1 Rae8 26. Nxd4 exd4 27. e5+ Rxe5 28. Bxb7 Re4 29. Bxe4 1-0


[Site "https://www.chess.com"]

[Event "Titled Tuesday Blitz May 30 Early 2023"]
[White "Zhigalko, Sergei"]
[Black "Schnaider, Ilan"]
[WhiteFideId "13502956"]
[BlackFideId "169013"]
[WhiteElo "2626"]
[BlackElo "2224"]
[Result "1-0"]
[Round "07"]
[TimeControl "180+2"]
[Date "2023.05.30"]
[WhiteClock "0:00:12"]
[BlackClock "0:00:05"]

1. e4 c6 2. d4 d5 3. e5 c5 4. Nf3 Nc6 5. dxc5 Qc7 6. Qxd5 e6 7. Qe4 Bxc5 8. Nc3 Nge7 9. Bd3 Ng6 10. Nb5 Qb6 11. O-O Bd7 12. Be3 Bxe3 13. Nd6+ Ke7 14. fxe3 f5 15. exf6+ Kxd6 16. fxg7 Rhg8 17. h4 Rxg7 18. Rad1 Kc7 19. h5 Rag8 20. hxg6 Rxg6 21. Rf2 R6g7 22. b3 Kc8 23. Bc4 Nd8 24. Ne5 Qc7 25. Nxd7 Rxd7 26. Bxe6 Nxe6 27. Qxe6 Rd8 28. Rfd2 a5 29. Rxd7 Rxd7 30. c4 b6 31. Qe8+ Rd8 32. Qxd8+ Qxd8 33. Rxd8+ Kxd8 34. Kf2 Kd7 35. Kf3 Kd6 36. e4 Ke5 37. Ke3 h6 38. g4 Ke6 39. Kf4 Kf6 40. e5+ Ke6 41. Ke4 h5 42. gxh5 a4 43. bxa4 b5 44. axb5 Kd7 45. c5 Kc7 46. a4 1-0


[Site "https://www.chess.com"]

[Event "Titled Tuesday Blitz May 30 Early 2023"]
[White "Petrosyan, Manuel"]
[Black "Nasir, Zehn"]
[WhiteFideId "13300857"]
[BlackFideId "2613239"]
[WhiteElo "2576"]
[BlackElo "1993"]
[Result "1-0"]
[Round "07"]
[TimeControl "180+2"]
[Date "2023.05.30"]
[WhiteClock "0:00:06"]
[BlackClock "0:00:07"]

1. e4 c6 2. d4 d5 3. e5 Bf5 4. Nf3 e6 5. Be2 Ne7 6. O-O Nd7 7. Nbd2 c5 8. dxc5 Nxc5 9. Nd4 a6 10. N2f3 Bg6 11. Be3 Nc6 12. Nxc6 bxc6 13. c4 Be7 14. Rc1 Nd7 15. Qa4 c5 16. cxd5 exd5 17. Rfd1 d4 18. Bxd4 cxd4 19. Nxd4 O-O 20. Nc6 Qe8 21. Bf3 Bf5 22. Nd4 Nxe5 23. Qxe8 Nxf3+ 24. gxf3 Rfxe8 25. Nxf5 Bf6 26. Rc2 g6 27. Ng3 Rab8 28. b3 a5 29. Ne4 Bg7 30. Rc4 f5 31. Ng3 Red8 32. Rxd8+ Rxd8 33. Nf1 Rd1 34. Kg2 Ra1 35. Rc2 Kf7 36. Nd2 Rd1 37. Nc4 Rd5 38. Nb6 Rb5 39. Rc7+ Kg8 40. Nc4 Bf8 41. Rc8 Kg7 42. Rc7+ Kg8 43. Ra7 Bb4 44. Rd7 h5 45. h3 h4 46. f4 Rc5 47. Kf3 a4 48. Rb7 axb3 49. axb3 Be1 50. Re7 Bc3 51. Re6 Kf7 52. Rb6 Rd5 53. Ke2 Bd4 54. Rb7+ Kf8 55. Rb8+ Kf7 56. Rb7+ Kf8 57. Rb4 Bc5 58. Rb5 Ke7 59. Ne3 Bxe3 60. Rxd5 Bxf4 61. Rd4 Bg5 62. Rc4 Bf6 63. f3 Kd6 64. Kd3 Kd5 65. b4 g5 66. b5 g4 67. fxg4 fxg4 68. Rxg4 Bd8 69. Rd4+ Kc5 70. Rxd8 Kxb5 1-0


[Site "https://www.chess.com"]

[Event "Titled Tuesday Blitz May 30 Early 2023"]
[White "iHateNAJDORF"]
[Black "Molina, Roberto Junio Brito"]
[BlackFideId "2109450"]
[WhiteElo "2609"]
[BlackElo "2376"]
[Result "1-0"]
[Round "07"]
[TimeControl "180+2"]
[Date "2023.05.30"]
[WhiteClock "0:00:39"]
[BlackClock "0:01:11"]

1. c4 e5 2. Nc3 Nf6 3. Nf3 Nc6 4. d3 d5 5. cxd5 Nxd5 6. e4 Nb6 7. Be3 Be7 8. Be2 O-O 9. O-O Bf6 10. a4 a5 11. Nb5 Bg4 12. Rc1 Re8 13. Qb3 Be6 14. Qc2 Rc8 15. Rfd1 Nb4 16. Qd2 c6 17. Bxb6 Qxb6 18. Nd6 Bb3 19. Re1 Bxa4 20. d4 exd4 21. Bc4 Rf8 22. e5 Be7 23. Nxc8 Rxc8 24. Nxd4 Rd8 25. Qf4 Nd5 26. Bxd5 Rxd5 27. Nf5 Bb4 28. Qg5 g6 29. Nh6+ Kg7 30. Ng4 Qd8 31. Qh6+ 1-0


[Site "https://www.chess.com"]

[Event "Titled Tuesday Blitz May 30 Early 2023"]
[White "Fier, Alexandr"]
[Black "Ambartsumova, Karina"]
[WhiteFideId "2107139"]
[BlackFideId "4166299"]
[WhiteElo "2610"]
[BlackElo "2240"]
[Result "1-0"]
[Round "07"]
[TimeControl "180+2"]
[Date "2023.05.30"]
[WhiteClock "0:02:23"]
[BlackClock "0:00:11"]

1. d4 Nf6 2. Bg5 Ne4 3. h4 g6 4. Nd2 Nxg5 5. hxg5 d5 6. e3 Bg7 7. Qf3 c5 8. c3 Qd6 9. Ne2 Nc6 10. Nf4 e6 11. Bb5 Bd7 12. Nb3 cxd4 13. Nxd4 O-O-O 14. O-O-O Kb8 15. Qg3 e5 16. Nxd5 Nxd4 17. Bxd7 Qxd7 18. Rxd4 Ka8 19. Nb6+ axb6 20. Rxd7 Rxd7 21. Qh4 h5 22. Qa4+ 1-0


[Site "https://www.chess.com"]

[Event "Titled Tuesday Blitz May 30 Early 2023"]
[White "Sousa, Andre Ventura"]
[Black "Csonka, Balazs"]
[WhiteFideId "1917617"]
[BlackFideId "742910"]
[WhiteElo "2333"]
[BlackElo "2404"]
[Result "1/2-1/2"]
[Round "07"]
[TimeControl "180+2"]
[Date "2023.05.30"]
[WhiteClock "0:00:14"]
[BlackClock "0:00:03"]

1. e4 e6 2. d4 d5 3. e5 c5 4. c3 Nc6 5. Nf3 Bd7 6. a3 c4 7. Nbd2 Nge7 8. g3 Nc8 9. Bg2 Nb6 10. O-O Na5 11. Ne1 Ba4 12. Qe2 h5 13. f4 g6 14. Ndf3 Be7 15. Be3 Qd7 16. Ng5 Bf8 17. Nef3 O-O-O 18. Bh3 Bh6 19. Nxf7 Qxf7 20. Ng5 Bxg5 21. fxg5 Qe8 22. Rf6 Bd7 23. Qc2 Rg8 24. Raf1 Kb8 25. Rf7 Nc6 26. Rh7 Nc8 27. Rff7 N8e7 28. Bc1 Bc8 29. Rf6 Nf5 30. Bxf5 exf5 31. Bf4 Be6 32. Qa4 Rd7 33. Rh6 Ka8 34. Qb5 Rdg7 35. Qc5 Qd7 36. h4 b6 37. Qb5 Kb7 38. Qa4 a6 39. Qc2 b5 40. Qg2 Nd8 41. Kh2 Nc6 42. Kh3 Qe8 43. Kh2 Rd7 44. Kh3 Rgg7 45. Kh2 Nd8 46. Kh1 Rde7 47. Kh2 Bg8 48. Kg1 Qd7 49. Kh2 Ne6 50. Kg1 Kc6 51. Rhxg6 Rxg6 52. Rxg6 Rg7 53. Rh6 Rh7 54. Rf6 Rf7 55. Rh6 Rh7 56. Rf6 Rf7 57. Rh6 Rh7 1/2-1/2


[Site "https://www.chess.com"]

[Event "Titled Tuesday Blitz May 30 Early 2023"]
[White "Terletsky, Oleg"]
[Black "Aradhya, Garg"]
[WhiteFideId "14116774"]
[BlackFideId "25006746"]
[WhiteElo "2084"]
[BlackElo "2263"]
[Result "1-0"]
[Round "07"]
[TimeControl "180+2"]
[Date "2023.05.30"]
[WhiteClock "0:00:15"]
[BlackClock "0:00:07"]

1. e4 e5 2. Nf3 Nc6 3. Nc3 Nf6 4. d4 Bb4 5. Nxe5 Qe7 6. Qd3 Nxe5 7. dxe5 Qxe5 8. Bd2 d5 9. Qb5+ Bd7 10. Qxb4 O-O-O 11. f4 Qe6 12. e5 d4 13. Nb5 Nd5 14. Qxd4 a6 15. Nc3 Bc6 16. Bc4 Kb8 17. Bxd5 Bxd5 18. Nxd5 Rxd5 19. Qe4 Rhd8 20. Be3 f5 21. Qf3 Qc6 22. c3 Qc4 23. Qe2 Qe4 24. O-O g5 25. Qf3 Qc4 26. fxg5 Rxe5 27. Bf4 Re4 28. b3 Qc5+ 29. Kh1 b6 30. Bg3 Rd5 31. Rae1 Rg4 32. c4 Rd8 33. Qxf5 Rxg5 34. Qxc5 Rxc5 35. Rf7 h5 36. h3 b5 37. Ree7 Rc8 38. cxb5 axb5 39. a4 bxa4 40. bxa4 Kb7 41. Re5 Rc4 42. a5 h4 43. Bf2 Ka6 44. Rf6+ c6 45. Re7 Rb8 46. Bb6 Kb5 47. Rf5+ c5 48. Rc7 Ka4 49. Rfxc5 Rxc5 50. Rxc5 Rh8 51. Kh2 Kb4 52. Rg5 Ra8 53. Be3 Kc4 54. Bd2 Kd3 55. Be1 Ke2 56. Bxh4 Rh8 57. Bg3 Ra8 58. Rg6 Rxa5 59. Re6+ Kd3 60. h4 Rh5 61. Rg6 Rh8 62. Kh3 Ke4 63. Kg4 Rc8 64. h5 Rc4 65. Re6+ Kd5+ 66. Kf5 Rc3 67. Rd6+ Kc5 68. Be5 Rc2 69. Bf4 Rxg2 70. Rg6 Rf2 71. h6 Rf1 72. h7 Rh1 73. Rh6 Rxh6 74. Bxh6 Kd6 75. h8=Q Kd5 76. Qe5+ Kc4 77. Qd6 Kb5 78. Qc7 Kb4 79. Qc6 Kb3 80. Qc5 Ka4 81. Qb6 Ka3 82. Bc1+ Ka4 83. Bd2 Ka3 84. Bc3 Ka4 85. Qb4# 1-0


[Site "https://www.chess.com"]

[Event "Titled Tuesday Blitz May 30 Early 2023"]
[White "Martic, Ivan"]
[Black "Danielyan, Vahe"]
[WhiteFideId "929301"]
[BlackFideId "13304828"]
[WhiteElo "2360"]
[BlackElo "2423"]
[Result "1-0"]
[Round "07"]
[TimeControl "180+2"]
[Date "2023.05.30"]
[WhiteClock "0:00:08"]
[BlackClock "0:00:00"]

1. d4 Nf6 2. Bg5 Ne4 3. Bf4 Nc6 4. e3 d5 5. Nd2 Nxd2 6. Qxd2 Bf5 7. a3 e6 8. Nf3 Bd6 9. Bg3 O-O 10. c4 Ne7 11. c5 Bxg3 12. hxg3 c6 13. Bd3 h6 14. b4 f6 15. Bxf5 Nxf5 16. g4 Ne7 17. g3 Qe8 18. Qc2 Ng6 19. Rh5 e5 20. Kf1 e4 21. Nh4 Nxh4 22. Rxh4 f5 23. gxf5 Rxf5 24. Rf4 Qf7 25. Qe2 Rf8 26. Qg4 Rf6 27. Ke2 g5 28. Rh1 Qg7 29. Rxf6 Qxf6 30. Rh2 Kg7 31. a4 a6 32. Qd7+ Rf7 33. Qc8 Qe7 34. Qb8 Qe6 35. Kd2 Qe7 36. Qc8 Rf6 37. Qb8 Qf7 38. Qe5 Kg6 39. Ke2 Qe6 40. Qxe6 Rxe6 41. g4 Rf6 42. Rh1 Rf7 43. Kf1 Rh7 44. Kg2 Rf7 45. b5 axb5 46. axb5 Rf6 47. Rb1 h5 48. gxh5+ Kxh5 49. bxc6 bxc6 50. Rb8 Kg4 51. Rc8 Rg6 52. Rc7 Rf6 53. Rd7 Re6 54. Rd8 Rf6 55. Re8 Rh6 56. Rd8 Rg6 57. Rd6 Kf5 58. Rxg6 Kxg6 59. Kg3 Kh5 60. f3 exf3 61. Kxf3 g4+ 62. Kg3 Kg5 63. e4 dxe4 64. d5 Kf5 65. d6 Ke6 66. Kxg4 1-0


[Site "https://www.chess.com"]

[Event "Titled Tuesday Blitz May 30 Early 2023"]
[White "Domingo Nunez, Ruben"]
[Black "Aggelis, Nikolaos"]
[WhiteFideId "22245570"]
[BlackFideId "4213220"]
[WhiteElo "2404"]
[BlackElo "2189"]
[Result "1-0"]
[Round "07"]
[TimeControl "180+2"]
[Date "2023.05.30"]
[WhiteClock "0:00:38"]
[BlackClock "0:00:32"]

1. c4 f5 2. Nf3 Nf6 3. g3 g6 4. Bg2 Bg7 5. d4 O-O 6. d5 b5 7. cxb5 a6 8. bxa6 Nxa6 9. O-O Nb4 10. Nc3 Ne4 11. Nxe4 fxe4 12. Ng5 Rxa2 13. Rxa2 Nxa2 14. Bd2 e3 15. Bxe3 Nb4 16. Qb3 Na6 17. Ra1 d6 18. Ne6 Bxe6 19. dxe6 Nb8 20. Ra8 c5 21. Qb7 Bf6 22. Bh6 Bg7 23. Bg5 Qc8 24. Bxe7 Qxb7 25. Bxb7 Re8 26. Bxd6 Bxb2 27. Rxb8 Rxb8 28. Bxb8 c4 29. e7 Kf7 30. Bd6 c3 31. Bc6 1-0


[Site "https://www.chess.com"]

[Event "Titled Tuesday Blitz May 30 Early 2023"]
[White "Shukhman, Anna"]
[Black "Itgelt, Khuyagtsogt"]
[WhiteFideId "54180058"]
[BlackFideId "4902912"]
[WhiteElo "2235"]
[BlackElo "2227"]
[Result "1-0"]
[Round "07"]
[TimeControl "180+2"]
[Date "2023.05.30"]
[WhiteClock "0:00:42"]
[BlackClock "0:00:01"]

1. e4 d6 2. d4 c6 3. Nc3 Nf6 4. f4 Qa5 5. Bd3 e5 6. dxe5 dxe5 7. Nf3 Nbd7 8. Qe2 Bc5 9. Be3 exf4 10. Bxf4 Nf8 11. O-O-O Ng6 12. Bg5 Be6 13. Bxf6 gxf6 14. Bc4 Nf4 15. Qf1 Bb4 16. Nd4 Bxc3 17. Qxf4 Bxc4 18. Qxf6 Rg8 19. bxc3 Qg5+ 20. Qxg5 Rxg5 21. Kb2 O-O-O 22. g3 Re8 23. Nf5 Rxf5 24. exf5 Re2 25. Rhe1 Rxh2 26. Re8+ Kc7 27. Re7+ Kb6 28. Rdd7 Rg2 29. Rxb7+ Kc5 30. Rxa7 Rxg3 31. a4 h5 32. Re4 Rf3 33. Ra5+ Kb6 34. Rae5 Bd5 35. Rh4 f6 36. Re7 Rxf5 37. c4 Bf3 38. Kb3 Bg4 39. Kb4 c5+ 40. Kb3 Rf3+ 41. c3 Rf2 42. Rh1 Kc6 43. a5 Kd6 44. Rhe1 h4 45. a6 Bd1+ 46. Rxd1+ Kxe7 47. a7 1-0


[Site "https://www.chess.com"]